Map: Galactic Process LE

Players

nizmi

  • Race: Terran Terran
  • League: Silver

Gracz - Winner!

  • Race: Zerg Zerg
  • League: Silver

VOD

Have the link to the VOD?

Description

Time

  • Played on: Nov. 5, 2016, 8:14 p.m.
  • Length: 13:48
Show
View Real Time Build Order
Export as new Build Order

nizmi Terran 

Build Orders:  

Get SALT Encoding   

  12  0:01  SCV  
  13  0:14  Supply Depot  
  13  0:18  SCV  
  14  0:30  SCV  
  14  0:31  Refinery  
  15  0:44  Barracks  
  15  0:50  SCV  
  16  1:02  Refinery, SCV  
  17  1:14  SCV  
  18  1:26  SCV  
  18  1:31  Reaper  
  18  1:32  Supply Depot  
  20  1:38  SCV  
  21  1:50  SCV  
  22  2:02  Factory, SCV  
  22  2:03  Reaper  
  24  2:15  SCV  
  25  2:19  Supply Depot  
  25  2:27  SCV  
  26  2:35  Marine  
  26  2:46  Barracks  
  26  2:48  Factory Tech Lab  
  26  2:53  Marine, Orbital Command  
  27  3:09  Siege Tank  
  27  3:10  Marine  
  31  3:28  Marine  
  32  3:38  Engineering Bay  
  30  3:41  Cyclone  
  34  3:55  Barracks Reactor  
  34  4:08  Command Center, Unknown  
  34  4:10  Marine  
  34  4:12  Missile Turret  
  35  4:20  Siege Tank  
  39  4:35  Starport  
  39  4:41  Marine  
  39  4:48  Barracks Tech Lab  
  39  4:55  Supply Depot  
  39  5:16  Marine x2  
  39  5:17  Supply Depot, Cyclone  
  39  5:20  Unknown, SCV  
  46  5:25  Combat Shields  
  46  5:30  Marauder  
  46  5:32  SCV  
  46  5:33  Starport Reactor  
  46  5:34  Marine x2  
  51  5:40  Supply Depot  
  51  5:44  SCV  
  51  5:49  Siege Tank  
  55  5:52  Marine x2  
  55  5:57  SCV  
  58  6:09  SCV  
  58  6:10  Marine x2  
  61  6:21  Siege Tank, SCV  
  65  6:28  Marine x2  
  67  6:33  Medivac, SCV  
  67  6:34  Medivac  
  67  6:39  Marauder  
  69  7:08  SCV  
  69  7:15  Marauder, Marine x2  
  70  7:20  SCV  
  73  7:32  SCV  
  73  7:33  Marine x2  
  73  7:36  Marauder  
  78  7:45  Barracks  
  78  8:01  Marine  
  78  8:05  SCV  
  78  8:07  Marauder  
  66  8:17  SCV  
  67  8:26  Armory  
  67  8:29  Marauder, SCV  
  67  8:30  Marine x2  
  67  8:34  Terran Infantry Weapons Level 1  
  73  8:38  Barracks Reactor  
  73  8:40  Siege Tank  
  75  8:47  Marine  
  75  8:48  Marine  
  77  8:56  Supply Depot  
  77  8:58  Command Center, Unknown  
  77  9:00  Liberator  
  77  9:01  SCV  
  78  9:14  Fusion Core  
  78  9:17  Marine x2  
  78  9:18  Marauder, SCV  
  78  9:19  Supply Depot  
  86  9:34  Supply Depot  
  86  9:37  Refinery  
  86  9:40  Refinery  
  86  9:41  Marine x5, Medivac  
  86  9:44  Supply Depot  
  93  9:59  Marine x4, Marauder  
  99  10:00  Medivac  
  99  10:05  Siege Tank  
  104  10:09  Unknown  
  104  10:11  Medivac  
  106  10:16  Marine x3  
  106  10:19  SCV  
  110  10:28  Terran Infantry Armor Level 1  
  110  10:32  SCV  
  108  10:57  Marine x5  
  108  11:01  Cyclone  
  117  11:15  Marine x5  
  122  11:32  Marine x2  
  122  11:33  Marine  
  122  11:39  Supply Depot  
  125  11:40  Supply Depot  
  125  12:00  Marine x3, Cyclone  
  125  12:01  Supply Depot  
  132  12:23  Supply Depot  
  127  12:32  Siege Tank  
  77  12:56  Marine  
  77  12:57  Marine x4  
  78  13:00  Medivac  
  78  13:01  Medivac  
  78  13:04  Siege Tank  
  85  13:14  Marine x3  
  85  13:15  Marine x2  
Show
View Real Time Build Order
Export as new Build Order

Gracz Zerg - Winner!

Build Orders: Hatch First 

Get SALT Encoding   

  12  0:01  Drone  
  13  0:13  Overlord  
  13  0:18  Drone  
  14  0:32  Drone x2  
  16  0:50  Unknown, Hatchery  
  16  0:55  Drone  
  16  0:59  Extractor  
  16  1:00  Drone  
  16  1:17  Drone x2  
  18  1:28  Spawning Pool  
  18  1:32  Drone x2  
  19  1:42  Overlord  
  19  2:01  Extractor  
  18  2:02  Unknown  
  18  2:03  Drone  
  18  2:04  Drone x2  
  21  2:15  Metabolic Boost  
  21  2:19  Zergling x4  
  21  2:21  Queen  
  25  2:24  Queen  
  27  2:46  Drone x6  
  33  3:04  Roach Warren  
  32  3:06  Drone x2  
  32  3:12  Drone x2  
  36  3:25  Overlord  
  35  3:47  Roach  
  35  3:48  Roach x3  
  43  3:50  Overlord  
  43  4:02  Evolution Chamber  
  42  4:07  Evolution Chamber  
  41  4:18  Lair  
  41  4:20  Pneumatized Carapace  
  41  4:23  Unknown, Hatchery  
  40  4:27  Drone x4  
  40  4:29  Overlord x2  
  44  4:49  Drone x6  
  50  4:53  Extractor  
  49  5:09  Unknown, Hatchery  
  49  5:10  Zergling x2, Roach x4  
  49  5:11  Zergling x2  
  49  5:13  Zergling x2  
  59  5:15  Ravager  
  59  5:17  Overlord  
  59  5:20  Glial Reconstitution  
  60  5:34  Overlord x2, Unknown  
  60  5:37  Drone  
  60  5:38  Drone x4  
  60  5:42  Drone x2, Extractor  
  66  5:53  Zergling x6  
  69  5:57  Zerg Melee Weapons Level 1  
  69  5:58  Zerg Ground Armor Level 1  
  69  6:04  Ravager x3  
  71  6:06  Roach x2  
  71  6:08  Zergling x2  
  77  6:13  Drone x3  
  77  6:14  Drone  
  81  6:20  Unknown  
  81  6:24  Drone  
  81  6:25  Drone x5  
  87  6:30  Queen  
  61  7:09  Roach x12  
  61  7:10  Zergling x12  
  87  7:23  Queen  
  89  7:31  Spire  
  89  7:34  Hydralisk Den  
  87  7:40  Infestation Pit  
  86  7:44  Drone x10  
  90  8:18  Drone  
  90  8:19  Drone x5  
  96  8:23  Overlord  
  96  8:24  Overlord x4  
  96  8:36  Lurker Den  
  96  8:49  Extractor  
  96  8:51  Extractor  
  94  8:57  Zerg Ground Armor Level 2, Zerg Missile Weapons Level 1  
  94  9:08  Unknown, Hatchery  
  94  9:09  Unknown, Hatchery  
  92  9:11  Evolution Chamber  
  91  9:17  Hive  
  91  9:30  Corruptor x2  
  91  9:31  Corruptor x7  
  95  9:33  Zergling x14  
  95  9:34  Zergling x4  
  118  9:39  Zerg Flyer Weapons Level 1  
  118  10:12  Muscular Augments  
  118  10:15  Zerg Melee Weapons Level 2  
  118  10:19  Unknown  
  118  10:20  Unknown  
  118  10:38  Drone x14  
  118  10:39  Drone x8  
  118  10:40  Overlord x2  
  118  10:41  Overlord x2  
  138  10:54  Queen  
  138  10:55  Queen  
  140  10:58  Drone x5  
  140  10:59  Drone  
  146  11:08  Roach x12  
  170  11:11  Overlord x2  
  170  11:21  Queen  
  170  11:23  Extractor  
  171  11:27  Extractor  
  171  11:31  Zerg Missile Weapons Level 2  
  170  11:34  Greater Spire  
  170  11:37  Adrenal Glands  
  170  11:38  Spire  
  169  11:42  Ultralisk Cavern  
  168  12:16  Overlord x2, Corruptor  
  168  12:17  Overlord  
  133  12:41  Roach x2  
  133  12:42  Zergling x16, Roach x4  
  133  12:43  Corruptor x2  
  133  12:44  Ultralisk x4  
  161  12:45  Zergling x22  
  161  12:46  Zergling x14  
  179  13:05  Brood Lord x3  
  185  13:09  Brood Lord  
  185  13:12  Extractor  
  186  13:14  Extractor  
Tags
 
Add a new tag
Caveats
  • Supply blocks, unpowered buildings, or Contaminate may cause inaccurate times.
  • Supply counts are checked every 10 seconds.